 Dungeon Crawl Stone Soup version 0.22-a0-480-g991dd4b (webtiles) character file.

1416 gmonis the Basher (level 8, -4/64 HPs)
             Began as a Minotaur Berserker on June 16, 2018.
             Was an Elder of Trog.
             Slain by a hornet (9 damage)
             ... on level 7 of the Dungeon.
             The game lasted 00:10:28 (6921 turns).

gmonis the Basher (Minotaur Berserker)              Turns: 6921, Time: 00:10:29

Health: -4/64      AC:  4    Str: 21    XL:     8   Next: 43%
Magic:  7/7        EV: 10    Int:  4    God:    Trog [****..]
Gold:   333        SH:  0    Dex: 13    Spells: 7/7 levels left

rFire    . . .     SeeInvis .   a - +0 mace
rCold    . . .     Gourm    .   (no shield)
rNeg     . . .     Faith    .   D - +0 scale mail
rPois    .         Spirit   .   (helmet restricted)
rElec    .         Reflect  .   x - +0 cloak
rCorr    .         Harm     .   (no gloves)
MR       .....                  (no boots)
Stlth    ..........             s - amulet of magic regeneration
HPRegen  0.20/turn              (no ring)
MPRegen  0.35/turn              (no ring)

@: corroded, slowed, very slow
A: retaliatory headbutt, horns 2
a: Berserk, Trog's Hand, Brothers in Arms, Renounce Religion


You were on level 7 of the Dungeon.
You worshipped Trog.
Trog was greatly pleased with you.
You were not hungry.

You visited 2 branches of the dungeon, and saw 8 of its levels.

You collected 333 gold pieces.

Inventory:

Hand Weapons
 a - a +0 mace (weapon)
Missiles
 l - 388 stones (quivered)
Armour
 b - a +0 animal skin
 x - a +0 cloak (worn)
 D - a +0 scale mail (worn)
 E - a +0 large shield
Jewellery
 r - an uncursed ring of ice
 s - an amulet of magic regeneration (around neck)
 B - a cursed -2 ring of evasion {unknown}
Wands
 w - a wand of flame (35)
 y - a wand of digging (12)
Scrolls
 d - 5 scrolls of amnesia {unknown}
 e - 10 scrolls of identify {unknown}
 f - a scroll of random uselessness {unknown}
 g - 3 scrolls of enchant armour {unknown}
 i - 2 scrolls of enchant weapon {unknown}
 j - 4 scrolls of fear {unknown}
 k - 4 scrolls of magic mapping {unknown}
 q - 5 scrolls of teleportation {unknown}
 C - a scroll of remove curse {unknown}
Potions
 h - a potion of cancellation {unknown}
 m - a potion of agility {unknown}
 n - 3 potions of lignification {unknown}
 o - a potion of flight {unknown}
 p - a potion of mutation {unknown}
 t - 2 potions of curing
 u - 2 potions of haste {unknown}
 v - a potion of brilliance {unknown}
 z - a potion of degeneration {unknown}
 A - 2 potions of might {unknown}
Comestibles
 c - 7 rations
 F - 5 chunks of flesh


   Skills:
 - Level 3.6 Fighting
 * Level 12.4 Maces & Flails
 + Level 3.2 Armour
 - Level 2.1 Dodging


You had 7 spell levels left.
You didn't know any spells.
Your spell library was empty.

Dungeon Overview and Level Annotations

Branches:
Dungeon (7/15)             Temple (1/1) D:5

Altars:
Ashenzari
Cheibriados
Dithmenos
Elyvilon
Fedhas
Gozag
Hepliaklqana
Kikubaaqudgha
Makhleb
Nemelex Xobeh
Okawaru
Qazlal
Ru
Sif Muna
Trog
Uskayaw
Vehumet
Wu Jian
Xom
Yredelemnul
Zin
The Shining One

Shops:
D:4 *


Innate Abilities, Weirdness & Mutations

You reflexively headbutt those who attack you in melee.
You have a pair of horns on your head.


Message History

You hit the hornet.
The hornet is lightly wounded.
The hornet barely misses you. You furiously retaliate!
You headbutt the hornet! You barely miss the hornet.
Your headbutt misses the hornet.
The hornet is heavily wounded.
The hornet stings you!
* * * LOW HITPOINT WARNING * * *
You are lethally poisoned!
You feel yourself slow down.
You barely miss the hornet.
The hornet is heavily wounded.
* * * LOW HITPOINT WARNING * * *
You feel sick. The hornet barely misses you. x2
You feel better. The hornet closely misses you. The hornet stings you!
* * * LOW HITPOINT WARNING * * *
You feel as though you will be slow longer.
You hit the hornet but do no damage.
The hornet is heavily wounded.
The hornet stings you!
You die...

#.# #.# ###.# ...#
#..# ##%###..#
....o$.o#
.#.####y########
#..@........#
#.........#.#
#.........'.#
#..)......#.#
#.......).#.#
#..(.....)).#
##########..+
###########.########
.(.............(....


You could see a hornet and an orc.

Vanquished Creatures
  Grinder (D:4)
  Duvessa (D:4)
  An orc warrior (D:7)
  An ogre (D:6)
  The ghost of Findor the Slasher, an amateur GnWn of Wu Jian (D:3)
  A centaur (D:5)
  Dowan (D:4)
  A bullfrog zombie (D:5)
  3 hounds
  2 jellies
  2 orc wizards
  2 bullfrog skeletons
  2 iguanas
  2 worker ants
  A hound skeleton (D:4)
  Robin (D:4)
  3 gnolls (D:6)
  9 adders
  3 oozes
  An adder skeleton (D:4)
  A worm (D:3)
  A dart slug (D:5)
  3 leopard geckos
  11 orcs
  2 ball pythons
  14 giant cockroaches
  12 hobgoblins
  9 jackals
  4 kobolds
  3 quokkas
  8 bats (D:1)
  8 frilled lizards
  22 goblins
  A jackal skeleton (D:7)
  A quokka skeleton (D:4)
  5 rats
144 creatures vanquished.

Notes
Turn   | Place    | Note
-------+----------+-------------------------------------------
     0 | D:1      | gmonis the Minotaur Berserker began the quest for the Orb.
     0 | D:1      | Reached XP level 1. HP: 19/19 MP: 0/0
   115 | D:1      | Reached skill level 4 in Maces & Flails
   215 | D:1      | Reached XP level 2. HP: 26/26 MP: 1/1
   423 | D:1      | Reached ** piety under Trog
   449 | D:1      | Reached skill level 5 in Maces & Flails
   458 | D:1      | Reached XP level 3. HP: 31/31 MP: 2/2
  1515 | D:2      | Reached skill level 6 in Maces & Flails
  1515 | D:2      | Reached XP level 4. HP: 39/39 MP: 3/3
  1682 | D:2      | Found a glowing silver altar of Zin.
  2073 | D:3      | Noticed Findor's ghost (amateur GnWn)
  2087 | D:3      | Killed Findor's ghost
  2087 | D:3      | Reached skill level 7 in Maces & Flails
  2087 | D:3      | Reached XP level 5. HP: 26/45 MP: 4/4
  2885 | D:3      | Reached skill level 8 in Maces & Flails
  3563 | D:3      | Reached XP level 6. HP: 49/51 MP: 5/5
  3689 | D:4      | Noticed Grinder
  3700 | D:4      | Reached *** piety under Trog
  3704 | D:4      | Killed Grinder
  3704 | D:4      | Reached skill level 9 in Maces & Flails
  3927 | D:4      | Noticed Dowan
  3928 | D:4      | Noticed Duvessa
  3942 | D:4      | Killed Duvessa
  3942 | D:4      | Reached XP level 7. HP: 57/57 MP: 6/6
  3946 | D:4      | Killed Dowan
  3946 | D:4      | Reached skill level 10 in Maces & Flails
  4055 | D:4      | Found Cerisut's Assorted Antiques.
  4345 | D:4      | Noticed Robin
  4355 | D:4      | Killed Robin
  4509 | D:4      | Reached **** piety under Trog
  4718 | D:3      | Found an ancient bone altar of Kikubaaqudgha.
  4755 | D:5      | Entered Level 5 of the Dungeon
  4905 | D:5      | Reached skill level 11 in Maces & Flails
  4924 | D:5      | Found a hide-covered altar of Uskayaw.
  4924 | D:5      | Noticed a dagger
  4924 | D:5      | Noticed a dagger
  5059 | D:5      | Found a deep blue altar of Sif Muna.
  5216 | D:5      | Found a snail-covered altar of Cheibriados.
  5380 | D:5      | Reached XP level 8. HP: 55/64 MP: 7/7
  5501 | D:5      | Found a staircase to the Ecumenical Temple.
  5513 | Temple   | Entered the Ecumenical Temple
  6191 | D:6      | Reached skill level 12 in Maces & Flails
  6910 | D:7      | Noticed a hornet
  6921 | D:7      | Slain by a hornet

Vault maps used:
D:1:      sevenhm_arrival_forest_fort_small_4, bh_walls_and_bars
D:2:      minmay_roachtagon, zin_scriptorium, first_ration
D:3:      nicolae_overflow_hidden_temple, serial_corexii_hall,
          corexii_hall_statues_deadend, corexii_hall_statues_x,
          corexii_hall_statues_i, corexii_hall_statues_deadend,
          corexii_hall_statues_x, corexii_hall_statues_i
D:4:      kennysheep_goblin_castle, serial_shops, shop, uniq_grinder,
          uniq_duvessa
D:5:      old_standard_altar, dancing_weapons_uskayaw,
          minmay_temple_entry_glassed_door, kennysheep_slug_shrine
D:6:      minmay_misc_feat_x, corexii_hall_statues_deadend
D:7:      serial_shops, nicolae_shop_behind_doors, grunt_livestock,
          guppyfry_shop_venom
Temple:   dpeg_five_rooms_temple

Skill      XL: |  1  2  3  4  5  6  7  8 |
---------------+-------------------------+-----
Maces & Flails | 4 5 6 7 8 9 11 12 | 12.4
Armour         | 3 |  3.2
Fighting       | |  3.6
Dodging        | |  2.1

Action                   |  1- 3 |  4- 6 |  7- 9 || total
-------------------------+-------+-------+-------++-------
Melee: Mace              |    70 |    93 |   169 ||   332
       Headbutt          |     6 |    21 |    29 ||    56
Invok: Berserk           |       |     2 |     1 ||     3
  Use: Potion            |       |       |     1 ||     1
  Eat: Chunk             |     2 |     3 |    10 ||    15
       Ration            |       |     2 |       ||     2
Armor: Animal skin       |    14 |    17 |    20 ||    51
       Scale mail        |       |       |     5 ||     5
Dodge: Dodged            |    48 |    40 |   110 ||   198

Table legend:
 A = Spawn XP
 B = Non-spawn XP
 C = Spawn XP percentage of total XP
 D = Spawn monster count
 E = Non-spawn monster count
 F = Spawn count percentage of total count
 G = Total turns spent on level
                    A         B        C        D         E        F      G
               +---------+---------+-------+---------+---------+-------+---------
         Total |       0 |    2023 |   0.0 |       0 |     144 |   0.0 |  6921
               +---------+---------+-------+---------+---------+-------+---------
           D:1 |       0 |      53 |   0.0 |       0 |      29 |   0.0 |  1021
           D:2 |       0 |      70 |   0.0 |       0 |      25 |   0.0 |  1048
           D:3 |       0 |     257 |   0.0 |       0 |      16 |   0.0 |  1632
           D:4 |       0 |     679 |   0.0 |       0 |      35 |   0.0 |  1054
           D:5 |       0 |     425 |   0.0 |       0 |      21 |   0.0 |   933
           D:6 |       0 |     282 |   0.0 |       0 |      11 |   0.0 |   890
           D:7 |       0 |     257 |   0.0 |       0 |       7 |   0.0 |   105
               +---------+---------+-------+---------+---------+-------+---------
